 Dungeon Crawl Stone Soup version 0.22-b1-26-g9dbaab1 (webtiles) character file.

63 dorian the Chopper (level 4, -6/35 HPs)
             Began as a Formicid Abyssal Knight on Aug 6, 2018.
             Was a Believer of Lugonu.
             Killed by divine providence
             ... invoked by an orc priest
              (11 damage)
             ... on level 3 of the Dungeon.
             The game lasted 00:04:02 (1405 turns).

dorian the Chopper (Formicid Abyssal Knight)        Turns: 1405, Time: 00:04:02

Health: -6/35      AC:  3    Str: 18    XL:     4   Next: 31%
Magic:  5/5        EV: 11    Int: 11    God:    Lugonu [**....]
Gold:   131        SH:  0    Dex: 10    Spells: 3/3 levels left

rFire    . . .     SeeInvis +   a - +1 hand axe
rCold    . . .     Gourm    .   (no shield)
rNeg     . . .     Faith    .   b - +0 leather armour
rPois    .         Spirit   .   (helmet unavailable)
rElec    .         Reflect  .   (no cloak)
rCorr    .         Harm     .   (no gloves)
MR       .....                  (no boots)
Stlth    +.........             (no amulet)
HPRegen  0.11/turn              (no ring)
MPRegen  0.09/turn              (no ring)

@: no status effects
A: permanent stasis, dig shafts and tunnels, four strong arms, antennae 3
a: Dig, Shaft Self, Depart the Abyss, Bend Space, Renounce Religion


You were on level 3 of the Dungeon.
You worshipped Lugonu.
Lugonu was pleased with you.
You were not hungry.

You visited 1 branch of the dungeon, and saw 3 of its levels.
You visited the Abyss 1 time.

You collected 131 gold pieces.

Inventory:

Hand Weapons
 a - a +1 hand axe (weapon)
Armour
 b - a +0 leather armour (worn)
 m - a +0 pair of gloves
Scrolls
 d - a scroll of identify {unknown}
 e - 4 scrolls of remove curse {unknown}
 g - 2 scrolls of teleportation {unknown}
 h - 3 scrolls of blinking {unknown}
 i - a scroll of magic mapping {unknown}
 k - a scroll of random uselessness {unknown}
 n - a scroll of enchant armour {unknown}
Potions
 j - a potion of lignification {unknown}
 l - a potion of haste {unknown}
 o - a potion of mutation {unknown}
Comestibles
 c - 4 rations
 f - 4 chunks of flesh


   Skills:
 + Level 3.4 Fighting
 - Level 4.0 Axes
 + Level 2.3 Armour
 - Level 0.8 Dodging
 + Level 2.3 Invocations


You had 3 spell levels left.
You didn't know any spells.
Your spell library was empty.

Dungeon Overview and Level Annotations

Branches:
Dungeon (3/15)

Altars:


Innate Abilities, Weirdness & Mutations

You cannot be hasted, slowed, berserked, paralysed or teleported.
You can dig through walls and to a lower floor.
Your four strong arms can wield two-handed weapons with a shield.
You have a pair of large antennae on your head. (SInv)


Message History

The orc shouts!
Some of the chunks of flesh in your inventory have rotted away.
The orc hits you with a hand axe.
An orc comes into view. It is wielding a club.
You hit the orc.
The orc is almost dead.
The orc hits you with a hand axe.
An orc comes into view. It is wielding a short sword.
You barely miss the orc.
The orc is almost dead.
The orc hits you with a hand axe.
An orc priest comes into view. It is wielding a dagger.
The orc priest shouts!
The orc priest calls down the wrath of Beogh upon you.
Beogh smites you!
* * * LOW HITPOINT WARNING * * *
The orc barely misses you.
The orc priest calls down the wrath of Beogh upon you.
Beogh smites you!
You die...

#........)..#.##.##
##.....####.##.#
##.........##.#
#..#########.# #..#
#.# #..# #.#
#####..## #.#
.........## #.#
#####....@##
##.......##
#......oo.#
+.........+
#.....o...#
##.......##
##.....## ##.o.##
##'#


You could see an orc priest and 3 orcs.

Vanquished Creatures
  An ooze (D:1)
  A worm (D:2)
  2 dart slugs (D:1)
  2 leopard geckos (D:1)
  8 bats
  2 giant cockroaches
  5 goblins
  7 hobgoblins
  3 quokkas (D:2)
  3 frilled lizards
  9 kobolds
  3 rats
46 creatures vanquished.

Notes
Turn   | Place    | Note
-------+----------+-------------------------------------------
     0 | Abyss:1  | dorian the Formicid Abyssal Knight began the quest for the Orb.
     0 | Abyss:1  | Reached XP level 1. HP: 18/18 MP: 2/2
    77 | Abyss:1  | Noticed a large abomination
    78 | D:1      | Escaped the Abyss
   166 | D:1      | Reached XP level 2. HP: 16/24 MP: 3/3
   240 | D:1      | Reached * piety under Lugonu
   243 | D:1      | Reached skill level 3 in Axes
   383 | D:1      | Reached XP level 3. HP: 19/29 MP: 4/4
  1078 | D:2      | Reached skill level 4 in Axes
  1078 | D:2      | Reached XP level 4. HP: 21/35 MP: 5/5
  1375 | D:3      | Reached ** piety under Lugonu
  1405 | D:3      | Killed from afar by an orc priest

Skill      XL: |  1  2  3 |
---------------+----------+-----
Axes           | 3 4 |  4.0
Fighting       | |  3.4
Armour         | |  2.3
Dodging        | |  0.8
Invocations    | |  2.3

Action                   |  1- 3 |  4- 6 || total
-------------------------+-------+-------++-------
Melee: Hand axe          |    93 |    35 ||   128
Invok: Depart the Abyss  |     1 |       ||     1
  Eat: Chunk             |     1 |     1 ||     2
Armor: Leather armour    |    36 |     5 ||    41
Dodge: Dodged            |    55 |    19 ||    74
